Map: Ascension to Aiur LE

Players

Indy - Winner!

  • Race: Terran Terran
  • League: Grandmaster
  • Spawn Location: 11:00

A.I. 1 (Very Easy)

  • Race: Protoss Protoss
  • Spawn Location: 5:00

VOD

Have the link to the VOD?

Description

Time

  • Played on: Dec. 2, 2017, 11:39 a.m.
  • Length: 8:32
Show
View Real Time Build Order
Export as new Build Order

Indy Terran - Winner!

Build Orders: Cyclone Opening, Reaper Expand, MMM Bio 

Get SALT Encoding   

  12  0:00  SCV  
  13  0:12  SCV  
  14  0:17  Supply Depot  
  14  0:24  SCV  
  15  0:32  Refinery  
  15  0:38  SCV  
  16  0:44  Barracks  
  16  0:50  SCV  
  17  1:03  SCV  
  18  1:15  SCV  
  19  1:31  Reaper, Orbital Command  
  20  1:44  Command Center  
  20  1:54  Factory  
  20  1:58  SCV  
  21  2:06  Supply Depot  
  21  2:10  SCV  
  21  2:12  Barracks Reactor  
  22  2:22  SCV  
  23  2:28  Bunker  
  23  2:34  SCV  
  24  2:45  Cyclone, Refinery  
  24  2:46  SCV  
  24  2:49  Marine x2  
  30  2:58  Orbital Command  
  30  2:59  SCV  
  31  3:07  Marine x2  
  31  3:11  SCV  
  34  3:19  Cyclone  
  37  3:23  SCV  
  37  3:24  Refinery, SCV  
  39  3:27  Marine  
  39  3:28  Marine  
  41  3:35  SCV  
  41  3:36  SCV  
  41  3:38  Starport  
  43  3:45  Supply Depot  
  43  3:47  SCV  
  44  3:49  SCV  
  44  3:51  Factory Tech Lab  
  44  3:52  Marine  
  46  3:56  Supply Depot  
  46  4:06  Marine  
  46  4:07  SCV x2  
  49  4:11  Siege Tank  
  49  4:14  Barracks, Medivac  
  54  4:21  Barracks  
  54  4:23  SCV  
  55  4:25  SCV  
  56  4:31  Marine  
  56  4:34  Supply Depot  
  60  4:44  Medivac  
  62  4:47  Supply Depot  
  62  4:48  Siege Tank  
  62  4:56  SCV x2, Engineering Bay  
  64  5:04  Supply Depot  
  64  5:07  Barracks x2  
  64  5:08  Barracks Tech Lab x2  
  64  5:16  SCV  
  64  5:19  SCV  
  64  5:20  Siege Tank  
  69  5:22  Terran Infantry Weapons Level 1  
  69  5:27  Stimpack, Marine  
  70  5:30  SCV  
  70  5:31  SCV  
  70  5:34  Starport Reactor  
  72  5:37  Marine x2  
  72  5:38  Marine  
  72  5:42  Refinery, SCV  
  76  5:44  Combat Shields  
  76  5:45  Marine  
  77  5:50  SCV  
  77  5:54  SCV, Supply Depot  
  79  6:01  Siege Tank  
  79  6:02  Marine x2  
  79  6:03  Marine x2  
  86  6:05  Barracks Tech Lab  
  86  6:07  Barracks Reactor  
  86  6:11  Supply Depot  
  86  6:16  Supply Depot  
  86  6:19  Liberator x2, Supply Depot  
  86  6:20  Marine  
  86  6:21  Marine x3  
  86  6:25  Marine  
  91  6:38  Marine  
  98  6:46  Marauder x2, Marine x4  
  106  6:56  Marauder  
  108  7:04  Marine  
  108  7:05  Marine x3  
  108  7:07  Marauder  
  108  7:08  Marauder  
  116  7:13  Supply Depot  
  116  7:14  Supply Depot x2  
  116  7:17  Marauder, Liberator x2  
  117  7:34  Marauder  
  125  7:46  Marine x4  
  125  7:47  Marine x2  
  131  7:55  Marine  
  132  8:01  Command Center  
  132  8:04  Marine x3  
  135  8:17  Supply Depot x2  
Show
View Real Time Build Order
Export as new Build Order

A.I. 1 (Very Easy) Protoss 

Build Orders: 1 Gate Expand, Nexus First 

Get SALT Encoding   

  12  0:00  Probe  
  13  0:13  Probe  
  14  0:20  Pylon  
  14  0:43  Gateway  
  14  1:00  Nexus  
  14  1:20  Pylon  
  14  1:22  Assimilator  
  14  1:33  Zealot  
  14  1:35  Cybernetics Core  
  14  1:37  Probe  
  17  1:49  Probe  
  18  1:58  Assimilator  
  18  2:01  Probe  
  19  2:13  Stalker, Probe  
  22  2:15  Probe  
  23  2:25  Probe  
  23  2:26  Warp Gate  
  24  2:30  Probe  
  25  2:37  Probe  
  26  2:44  Probe  
  26  2:45  Pylon  
  27  2:51  Probe  
  28  2:59  Probe  
  29  3:06  Probe  
  29  3:08  Robotics Facility  
  30  3:17  Probe  
  31  3:23  Zealot  
  31  3:24  Probe  
  34  3:31  Probe  
  35  3:38  Probe  
  36  3:46  Probe, Assimilator  
  37  3:53  Probe  
  38  3:56  Observer  
  38  4:00  Probe, Assimilator  
  40  4:07  Probe  
  41  4:14  Probe  
  42  4:17  Observer  
  42  4:21  Probe  
  44  4:29  Probe  
  45  4:32  Pylon  
  45  4:33  Sentry  
  45  4:36  Probe  
  48  4:43  Probe  
  48  4:50  Probe  
  49  4:57  Probe  
  50  7:25  Zealot  
  44  7:41  Probe  
  32  7:53  Probe  
  32  7:54  Pylon  
Tags
 
Add a new tag
Caveats
  • Supply blocks, unpowered buildings, or Contaminate may cause inaccurate times.
  • Supply counts are checked every 10 seconds.